 Dungeon Crawl Stone Soup version 0.28.0-53-g5a82cb258f (webtiles) character file.

Game seed: 7136892909466648520

2633 DocClef the Basher (level 9, -2/63 (65) HPs)
             Began as a Demonspawn Gladiator on July 6, 2022.
             Was a Believer of Wu Jian.
             Asphyxiated
             ... on level 8 of the Dungeon.
             The game lasted 00:08:20 (7208 turns).

DocClef the Basher (Demonspawn Gladiator)           Turns: 7208, Time: 00:08:21

HP:   -2/63 (65)    AC: 14    Str: 24    XL:     9   Next: 35%
MP:   9/9           EV: 15    Int: 14    God:    Wu Jian [**....]
Gold: 148           SH:  9    Dex: 15    Spells: 8/8 levels left

rFire   . . .      SeeInvis .   c - +2 whip (drain)
rCold   . . .      Faith    .   (no shield)
rNeg    . . .      Spirit   .   A - +2 ring mail of the Stars {Int+4}
rPois   .          Reflect  +   (helmet restricted)
rElec   .          Harm     .   t - +0 cloak
rCorr   .          Rampage  .   (no gloves)
Will    .....                   y - +1 pair of boots
Stlth   +.........              v - amulet of reflection
HPRegen 0.20/turn               C - +6 ring of strength
MPRegen 0.11/turn               (no ring)

@: mighty, lethally poisoned (-2 -> -28), slowed, lightly drained, very slow
A: horns 2, repulsion field 2, icemail 1, condensation shield, hooves 1,
evolution 1, sturdy frame 1
a: Renounce Religion, Wall Jump


You were on level 8 of the Dungeon.
You worshipped Wu Jian.
Wu Jian was pleased with you.
You visited 1 branch of the dungeon, and saw 8 of its levels.

You collected 371 gold pieces.
You spent 223 gold pieces at shops.

Inventory:

Hand Weapons
 c - a +2 whip of draining (weapon)
Missiles
 d - 5 throwing nets (quivered)
Armour
 n - a +0 chain mail
 t - a +0 cloak (worn)
 y - a +1 pair of boots (worn)
 A - the +2 ring mail of the Stars (worn) {Int+4}
   (You bought it in a shop on level 7 of the Dungeon)

   Int:       It affects your intelligence (+4).
Jewellery
 v - an amulet of reflection (around neck)
 B - a ring of fire
 C - a +6 ring of strength (left hand)
Wands
 a - a wand of paralysis (8)
Scrolls
 g - 2 scrolls of blinking {unknown}
 h - a scroll of fear {unknown}
 j - a scroll of fog {unknown}
 l - 2 scrolls of amnesia {unknown}
 m - a scroll of magic mapping {unknown}
 o - 2 scrolls of immolation {unknown}
 p - 2 scrolls of brand weapon {unknown}
 u - a scroll of noise {unknown}
 w - 4 scrolls of identify {unknown}
 x - a scroll of teleportation {unknown}
Potions
 e - a potion of mutation
 i - 2 potions of degeneration {unknown}
 k - 2 potions of attraction {unknown}
 q - a potion of ambrosia {unknown}
 r - a potion of resistance {unknown}
 s - a potion of invisibility {unknown}
 z - 2 potions of cancellation {unknown}


   Skills:
 - Level 4.1 Fighting
 - Level 2.6(7.6) Axes
 + Level 11.1(11.3) Maces & Flails
 - Level 1.7 Throwing
 - Level 2.6 Dodging


You had 8 spell levels left.
You didn't know any spells.
Your spell library contained the following spells:

 Spells                   Type           Power      Damage    Failure   Level
 Apportation              Tloc           0%         N/A       36%         1
 Slow                     Hex            0%         N/A       36%         1
 Confusing Touch          Hex            0%         N/A       73%         3
 Conjure Flame            Conj/Fire      0%         6-21      73%         3
 Ignite Poison            Fire/Tmut/Pois 0%         N/A       73%         3
 Vampiric Draining        Necr           0%         2d6       73%         3
 Passage of Golubria      Tloc           0%         N/A       98%         4
 Sticky Flame             Conj/Fire      0%         2d3       98%         4
 Alistair's Intoxication  Tmut/Pois      0%         N/A       100%        5
 Silence                  Hex/Air        0%         N/A       100%        5
 Lehudib's Crystal Spear  Conj/Erth      0%         10d2      100%        8


Dungeon Overview and Level Annotations

Branches:
Dungeon (8/15)             Temple (0/1) D:6
   Lair: D:8-11

Altars:
Ashenzari
Hepliaklqana
Trog
Wu Jian
The Shining One

Shops:
D:2 *   D:7 [

Annotations:
D:4 1 runed translucent door, WANAX's ghost, novice HOBe


Innate Abilities, Weirdness & Mutations

You have a pair of horns on your head.
You are surrounded by a moderate repulsion field. (EV +3)
A meltable icy envelope protects you from harm. (AC +4)
A meltable shield of frost defends you. (SH +4)
You have large cloven feet.
You have hidden genetic potential.
Your movements are slightly less encumbered by armour. (ER -2)


Message History

The wight zaps a wand.
You easily resist.
Things that are here:
a +0 dagger; a +0 ring mail The wight zaps a wand.
You suddenly lose the ability to move!
The wight hits you but does no damage.
The wight hits you from afar with a +2 trident.
* * * LOW HITPOINT WARNING * * *
You feel drained.
* * * LOW HITPOINT WARNING * * *
The wight hits you but does no damage.
You can move again.
Things that are here:
a +0 flail; a +0 plate armour Unknown command.
You feel better. The wight completely misses you.
It was a potion of mutation.
You feel extremely strange.
Your toenails lengthen and sharpen.
You lose the ability to read scrolls when threatened.
The wight closely misses you. x2
Unknown command.
Really quaff the potion of mutation?
You feel extremely strange.
You can once more read scrolls while threatened.
Your talons dull and shrink into feet.
Your feet thicken and deform.
You feel a hidden potential growing inside you.
You feel less encumbered by your armour.
The wight throws a curare-tipped dart.
The curare-tipped dart hits you.
You are poisoned.
You have difficulty breathing.
* * * LOW HITPOINT WARNING * * *
You feel as though you will be slow longer.
It was a potion of might.
You feel very mighty all of a sudden.
* * * LOW HITPOINT WARNING * * *
You feel very sick. The wight barely misses you.
The wight throws a curare-tipped dart.
The curare-tipped dart hits you.
You are more poisoned.
You have difficulty breathing.
You die...

#..### ##......... .....
##..#####[ ...# ....#
#...####. .......##.
##........ ......# #.
######..####### #...
#....#z.## #...##
####)z#..## #....##
#)###..## ##### #(..##
#@# ###.## #.....
##...########.#
#..##......
##...#....##...#
##.........
##..###.........#
##....##.. ##..##
#..#####....#####...##
#..##
#..#####..##........##
...#
###........#####.......#
...###........###
##..[....#
.......##..####
##..##....#


You could see 2 wights.

Vanquished Creatures
  A centaur warrior (D:8)
  A wyvern (D:8)
  A sky beast (D:6)
  A hornet zombie (D:7)
  2 ice beasts
  2 orc warriors
  3 ogres
  2 necrophages (D:8)
  2 phantoms
  A kobold brigand (D:8)
  A wyvern zombie (D:7)
  A water moccasin skeleton (D:5)
  5 wights (D:8)
  A centaur zombie (D:6)
  Crazy Yiuf (D:6)
  Jessica (D:3)
  3 iguanas
  7 gnolls
  A howler monkey skeleton (D:4)
  7 adders
  A shadow imp (D:5)
  A white imp (D:3)
  An ufetubus (D:4)
  3 adder skeletons (D:4)
  2 worms
  3 dart slugs
  8 orcs
  5 ball pythons
  2 endoplasms
  4 giant cockroaches
  3 hobgoblins
  3 jackals (D:3)
  2 quokkas
  4 bats
  5 goblins
  A goblin zombie (D:3)
  7 kobolds
  2 kobold skeletons (D:3)
  2 orc skeletons (D:3)
  An orc zombie (D:3)
  7 rats
111 creatures vanquished.

Vanquished Creatures (others)
  3 fungi (D:6)
  5 plants (D:8)
8 creatures vanquished.

Grand Total: 119 creatures vanquished

Notes
Turn   | Place    | Note
-------+----------+-------------------------------------------
     0 | D:1      | DocClef the Demonspawn Gladiator began the quest for the
                  | Orb.
     0 | D:1      | Reached XP level 1. HP: 16/16 MP: 1/1
   464 | D:1      | Found a faded altar of an unknown god.
   480 | D:1      | Gained mutation: You are surrounded by a mild repulsion
                  | field. (EV +2) [demonic ancestry]
   480 | D:1      | Reached XP level 2. HP: 23/23 MP: 2/2
   849 | D:2      | Found an ornate altar of the Wu Jian Council.
   879 | D:2      | Became a worshipper of the Wu Jian Council
   983 | D:2      | Found Tipramot's General Store.
   992 | D:2      | Bought a +0 hunting sling for 16 gold pieces
  1034 | D:2      | Gained mutation: You have a pair of small horns on your
                  | head. [demonic ancestry]
  1034 | D:2      | Reached XP level 3. HP: 29/29 MP: 3/3
  1676 | D:3      | Noticed a phantom
  1814 | D:4      | Killed a phantom
  1815 | D:4      | Reached skill level 2 in Maces & Flails
  1815 | D:4      | Reached XP level 4. HP: 18/37 MP: 4/4
  1993 | D:4      | Gained mutation: You are surrounded by a moderate repulsion
                  | field. (EV +3) [demonic ancestry]
  1993 | D:4      | Reached XP level 5. HP: 42/42 MP: 5/5
  2025 | D:3      | Reached * piety under Wu Jian
  2037 | D:3      | Reached skill level 3 in Maces & Flails
  2204 | D:3      | Noticed Jessica
  2218 | D:3      | Killed Jessica
  2716 | D:3      | Found a faded altar of an unknown god.
  2960 | D:4      | Reached skill level 4 in Maces & Flails
  2974 | D:4      | Reached XP level 6. HP: 40/48 MP: 6/6
  3074 | D:4      | Found a broken altar of Ashenzari.
  3472 | D:4      | Found a runed translucent door.
  3485 | D:4      | Reached ** piety under Wu Jian
  3776 | D:4      | Noticed WANAX's ghost (novice HOBe)
  3813 | D:5      | Entered Level 5 of the Dungeon
  3938 | D:5      | Noticed an ice beast
  3939 | D:5      | Reached skill level 5 in Maces & Flails
  3961 | D:5      | Killed an ice beast
  4354 | D:5      | Noticed a sky beast
  4373 | D:6      | Killed a sky beast
  4374 | D:6      | Reached skill level 6 in Maces & Flails
  4374 | D:6      | Gained mutation: You have a pair of horns on your head.
                  | [demonic ancestry]
  4374 | D:6      | Reached XP level 7. HP: 54/54 MP: 7/7
  4716 | D:6      | Found a staircase to the Ecumenical Temple.
  4847 | D:6      | Reached skill level 7 in Maces & Flails
  5141 | D:6      | Found a runed translucent door.
  5142 | D:6      | Noticed Crazy Yiuf
  5149 | D:6      | Killed Crazy Yiuf
  5638 | D:7      | Gained mutation: A meltable shield of frost defends you.
                  | (SH +4) [demonic ancestry]
  5638 | D:7      | Reached XP level 8. HP: 18/60 MP: 8/8
  5900 | D:7      | Reached skill level 8 in Maces & Flails
  5952 | D:7      | Found a bloodstained altar of Trog.
  6177 | D:7      | Found a hazy altar of Hepliaklqana.
  6344 | D:7      | Found Kadiet's Antique Armour Boutique.
  6350 | D:7      | Bought a citrine-studded ring mail for 207 gold pieces
  6350 | D:7      | Identified the +2 ring mail of the Stars {Int+4} (You
                  | bought it in a shop on level 7 of the Dungeon)
  6586 | D:8      | Reached skill level 9 in Maces & Flails
  6730 | D:8      | HP: 2/51 [wight/+4 dire flail (2)]
  7127 | D:8      | Reached skill level 10 in Maces & Flails
  7154 | D:8      | Gained mutation: A meltable icy envelope protects you from
                  | harm. (AC +4) [demonic ancestry]
  7154 | D:8      | Reached XP level 9. HP: 65/65 MP: 9/9
  7171 | D:8      | Noticed a centaur warrior
  7175 | D:8      | Killed a centaur warrior
  7176 | D:8      | Reached skill level 11 in Maces & Flails
  7200 | D:8      | Paralysed by a wight for 5 turns
  7206 | D:8      | Gained mutation: You have sharp toenails. [potion of
                  | mutation]
  7206 | D:8      | Gained mutation: You sometimes lose the ability to read
                  | scrolls when taking damage. [potion of mutation]
  7207 | D:8      | Lost mutation: You sometimes lose the ability to read
                  | scrolls when taking damage. [potion of mutation]
  7207 | D:8      | Lost mutation: You have sharp toenails. [potion of
                  | mutation]
  7207 | D:8      | Gained mutation: You have large cloven feet. [potion of
                  | mutation]
  7207 | D:8      | Gained mutation: You have hidden genetic potential. [potion
                  | of mutation]
  7207 | D:8      | Gained mutation: Your movements are slightly less
                  | encumbered by armour. (ER -2) [potion of mutation]
  7208 | D:8      | Asphyxiated

Illustrated notes

Levels and vault maps discovered:
D:1:      minmay_arrival_diagonal_passages, layout_rooms,
          hellmonk_ecumenical_altar_crossroads, due_unseen_surprise
D:2:      layout_basic, basic_altar, serial_shops, nicolae_shop_trees
D:3:      layout_basic, nicolae_overflow_ecumenical_swirl,
          nicolae_tso_besieged_by_evil, uniq_jessica
D:4:      layout_gridville, mainiacjoe_overflow_boulevard,
          ebering_ghost_reflecting_pool
D:5:      layout_loops_ring, chequers_hall_statues_wall_a
D:6:      layout_basic, minmay_temple_entry_grid, chequers_avenue,
          uniq_crazy_yiuf_cottage
D:7:      layout_gridville, kennysheep_mini,
          mainiacjoe_overflow_six_doors_small, serial_shops, shop
D:8:      layout_layer_cave, serial_bayou_pond_b

Skill      XL: |  1  2  3  4  5  6  7  8  9 |
---------------+----------------------------+-----
Fighting       | 3 4 |  4.1
Maces & Flails | 2 4 6 7 10 11 | 11.1
Axes           | |  2.6
Throwing       | |  1.7
Dodging        | |  2.6

Action                   |  1- 3 |  4- 6 |  7- 9 || total
-------------------------+-------+-------+-------++-------
Melee: War axe           |    64 |       |       ||    64
       Punch             |     1 |     1 |     4 ||     6
       Whip              |    32 |   184 |   212 ||   428
       Headbutt          |    12 |    26 |    64 ||   102
Invok: Lunge             |     3 |    12 |    14 ||    29
       Whirlwind         |       |     2 |     6 ||     8
 Abil: Wall Jump         |       |       |     1 ||     1
  Use: Potion            |       |       |     5 ||     5
Armor: Scale mail        |    20 |       |       ||    20
       Leather armour    |     2 |       |       ||     2
       Chain mail        |    14 |    63 |    20 ||    97
       Ring mail         |       |       |     9 ||     9
Dodge: Dodged            |    62 |    80 |    55 ||   197
Block: Other             |       |     5 |    43 ||    48
       Reflection        |       |       |     4 ||     4
